 Dungeon Crawl Stone Soup version 0.28-a0-1199-gef9e1dbd39 (webtiles) character file.

Game seed: 14630273685954211673

1772 emperorscorpion the Skirmisher (level 9, -3/90 (109) HPs)
             Began as a Gnoll Abyssal Knight on Dec 19, 2021.
             Was an Elder of Lugonu.
             Slain by a wight (4 damage)
             ... on level 6 of the Dungeon.
             The game lasted 00:22:30 (8361 turns).

emperorscorpion the Skirmisher (GnAK)               Turns: 8361, Time: 00:22:31

HP:   -3/90 (109)   AC:  9    Str: 14    XL:     9   Next: 7%
MP:   0/14          EV: 13    Int: 10    God:    Lugonu [****..]
Gold: 104           SH:  0    Dex: 15    Spells: 15/15 levels left

rFire   . . .      SeeInvis .   a - +0 war axe
rCold   . . .      Faith    .   (no shield)
rNeg    . . .      Spirit   +   H - +1 acid dragon scales
rPois   +          Reflect  .   (no helmet)
rElec   .          Harm     .   (no cloak)
rCorr   +          Rampage  .   C - +0 pair of gloves
Will    .....                   (no boots)
Stlth   ..........              s - amulet of guardian spirit
HPRegen 0.25/turn               w - ring of poison resistance
MPRegen 0.14/turn               (no ring)

@: berserking, heavily drained, very quick
A: fangs 1, strong nose, distributed training
a: Renounce Religion, Depart the Abyss, Bend Space, Banish, Corrupt


You were on level 6 of the Dungeon.
You worshipped Lugonu.
Lugonu was greatly pleased with you.
You visited 1 branch of the dungeon, and saw 7 of its levels.
You visited the Abyss 1 time.
You also visited: Ossuary.

You collected 247 gold pieces.
You spent 143 gold pieces at shops.

Inventory:

Hand Weapons
 a - a +0 war axe (weapon)
 o - a +3 dagger
 z - a +0 morningstar of flaming
 I - a +2 hand axe
Missiles
 c - 175 stones
 d - 92 arrows
 f - 60 bolts
 j - 58 sling bullets
 r - a throwing net
 t - 5 boomerangs
 x - 6 silver javelins
 y - 28 poisoned darts
Armour
 b - a +0 leather armour
 g - a +0 ring mail
 i - a +1 scale mail
 C - a +0 pair of gloves (worn)
 H - +1 acid dragon scales (worn)
Magical Staves
 G - a staff of cold
Jewellery
 s - an amulet of guardian spirit (around neck)
 w - a ring of poison resistance (left hand)
Wands
 k - a wand of mindburst (3) (quivered)
 L - a wand of acid (7)
Scrolls
 e - 3 scrolls of teleportation
 h - 2 scrolls of fog
 A - a scroll of amnesia
 K - a scroll of magic mapping
Potions
 l - a potion of mutation
 n - a potion of flight
 p - 3 potions of haste
 q - 2 potions of magic
 v - 2 potions of brilliance
 B - a potion of invisibility {unknown}
 E - 2 potions of attraction
 F - a potion of might
 J - a potion of ambrosia {unknown}
Miscellaneous
 u - a tin of tremorstones (inert)


   Skills:
 + Level 7.7 Fighting
 + Level 3.9 Short Blades
 + Level 3.9 Long Blades
 + Level 6.1 Axes
 + Level 3.9 Maces & Flails
 + Level 3.9 Polearms
 + Level 3.9 Staves
 + Level 3.9 Slings
 + Level 3.9 Bows
 + Level 3.9 Crossbows
 + Level 3.9 Throwing
 + Level 6.1 Armour
 + Level 4.7 Dodging
 + Level 3.9 Stealth
 + Level 3.9 Shields
 + Level 3.9 Unarmed Combat
 + Level 3.9 Spellcasting
 + Level 3.2 Conjurations
 + Level 3.2 Hexes
 + Level 3.2 Summonings
 + Level 3.2 Necromancy
 + Level 3.2 Translocations
 + Level 3.2 Transmutations
 + Level 3.2 Fire Magic
 + Level 3.2 Ice Magic
 + Level 3.2 Air Magic
 + Level 3.2 Earth Magic
 + Level 3.2 Poison Magic
 + Level 6.3 Invocations
 + Level 3.9 Evocations


You had 15 spell levels left.
You didn't know any spells.
Your spell library was empty.

Dungeon Overview and Level Annotations

Branches:
Dungeon (7/15)             Temple (0/1) D:5         Ossuary (visited)

Altars:

Shops:
D:5 !


Innate Abilities, Weirdness & Mutations

You have very sharp teeth.
Your uncanny sense of smell can sniff out nearby items.
Your experience applies equally to all skills.


Message History

The wight hits you with a +4 flail of freezing.
* * * LOW HITPOINT WARNING * * *
You feel drained.
* * * LOW HITPOINT WARNING * * *
The wight freezes you.
* * * LOW HITPOINT WARNING * * *
Unknown command.
You hit the wight but do no damage.
The wight is severely damaged.
You barely miss the wight. The wight barely misses you.
The wight hits you with a +4 flail of freezing.
* * * LOW HITPOINT WARNING * * *
You feel drained. The wight freezes you.
* * * LOW HITPOINT WARNING * * *
Okay, then.
Okay, then.
Space bends around you!
You blink.
Space bends around you!
You blink.
Aiming: Mindburst
Press: ? - help, Shift-Dir - straight line, f - wight
Aim: a wight, wielding a +3 long sword and wearing a +0 robe (heavily damaged, chance to affect: 80%)
The wight barely resists.
The wight closely misses you. The wight misses you.
Okay, then.
You hit the wight but do no damage.
The wight is heavily damaged.
You hit the wight but do no damage. The wight closely misses you.
The wight barely misses you.
You feel better.
The wight hits you with a +3 long sword!
* * * LOW HITPOINT WARNING * * *
The wight hits you but does no damage.
A red film seems to cover your vision as you go berserk!
You feel yourself moving faster!
You feel mighty!
The wight hits you with a +3 long sword.
* * * LOW HITPOINT WARNING * * *
You feel drained.
The wight hits you with a +4 flail of freezing!
* * * LOW HITPOINT WARNING * * *
The wight freezes you.
You die...

#### #..# ###..# ############ ##
#....# #@.........# ###. #.##.#
#zz........####... ##.##)#
#.......<.).....## #..##)#
#...........###... #
#.###.###..........###..## #
#####.##.[..[..........#...##
####...#......##..........#.#####
.<#.........#.#.............#....
#.........................###....


You could see 2 wights.

Vanquished Creatures
  Maggie (D:6)
  A water moccasin (D:7)
  An acid dragon (D:6)
  An orc warrior (D:6)
  A sky beast (D:6)
  3 necrophages
  An ogre (D:6)
  A centaur (D:6)
  A centaur zombie (D:6)
  3 hounds (D:5)
  2 orc priests
  A centaur skeleton (D:5)
  Ijyb (D:3)
  2 bullfrog skeletons
  2 iguanas
  An orc wizard (D:6)
  A hound skeleton (D:4)
  A mummy (Ossuary)
  A howler monkey zombie (D:5)
  An adder (D:2)
  8 gnolls
  2 shadow imps
  2 white imps (D:7)
  An ufetubus (D:3)
  7 worms
  13 orcs
  2 spectral bats (Ossuary)
  6 endoplasms
  3 giant cockroaches
  12 gnoll zombies (Ossuary)
  3 goblins
  5 hobgoblins
  6 jackals
  4 quokkas
  9 ball pythons
  4 bats
  4 bat simulacra (Ossuary)
  2 frilled lizards
  A goblin simulacrum (Ossuary)
  6 goblin zombies (Ossuary)
  7 hobgoblin zombies (Ossuary)
  6 kobolds
  5 kobold simulacra (Ossuary)
  3 kobold zombies (Ossuary)
  2 orc zombies (Ossuary)
  4 rats
  A rat simulacrum (Ossuary)
  5 spectral goblins (Ossuary)
  A spectral kobold (Ossuary)
  A butterfly (D:5)
162 creatures vanquished.

Vanquished Creatures (others)
  A plant (D:4)
1 creature vanquished.

Grand Total: 163 creatures vanquished

Notes
Turn   | Place    | Note
-------+----------+-------------------------------------------
     0 | Abyss:1  | emperorscorpion the Gnoll Abyssal Knight began the quest
                  | for the Orb.
     0 | Abyss:1  | Reached XP level 1. HP: 23/23 MP: 3/3
   139 | Abyss:1  | Found a corrupted altar of Lugonu.
   157 | Abyss:1  | Noticed a harpy zombie
   175 | Abyss:1  | Noticed a wretched star
   175 | Abyss:1  | Noticed a black mamba
   175 | Abyss:1  | a shapeshifter changed into a black mamba
   176 | Abyss:1  | Noticed a phantasmal warrior
   176 | Abyss:1  | Noticed a wretched star
   177 | D:1      | Escaped the Abyss
   261 | D:1      | Reached * piety under Lugonu
   400 | D:1      | Reached XP level 2. HP: 6/29 MP: 5/5
   718 | D:1      | Found a faded altar of an unknown god.
  1798 | D:2      | Reached XP level 3. HP: 33/35 MP: 6/6
  2312 | D:1      | Reached skill level 1 in Short Blades
  2312 | D:1      | Reached skill level 1 in Long Blades
  2312 | D:1      | Reached skill level 1 in Maces & Flails
  2312 | D:1      | Reached skill level 1 in Polearms
  2312 | D:1      | Reached skill level 1 in Staves
  2312 | D:1      | Reached skill level 1 in Slings
  2312 | D:1      | Reached skill level 1 in Bows
  2312 | D:1      | Reached skill level 1 in Crossbows
  2312 | D:1      | Reached skill level 1 in Throwing
  2312 | D:1      | Reached skill level 1 in Stealth
  2312 | D:1      | Reached skill level 1 in Shields
  2312 | D:1      | Reached skill level 1 in Unarmed Combat
  2312 | D:1      | Reached skill level 1 in Spellcasting
  2312 | D:1      | Reached skill level 1 in Evocations
  2312 | D:1      | Reached XP level 4. HP: 25/41 MP: 7/7
  2982 | D:3      | Noticed Ijyb
  2990 | D:3      | Killed Ijyb
  2991 | D:3      | Reached skill level 1 in Conjurations
  2991 | D:3      | Reached skill level 1 in Hexes
  2991 | D:3      | Reached skill level 1 in Summonings
  2991 | D:3      | Reached skill level 1 in Necromancy
  2991 | D:3      | Reached skill level 1 in Translocations
  2991 | D:3      | Reached skill level 1 in Transmutations
  2991 | D:3      | Reached skill level 1 in Fire Magic
  2991 | D:3      | Reached skill level 1 in Ice Magic
  2991 | D:3      | Reached skill level 1 in Air Magic
  2991 | D:3      | Reached skill level 1 in Earth Magic
  2991 | D:3      | Reached skill level 1 in Poison Magic
  3286 | D:4      | Reached XP level 5. HP: 36/47 MP: 8/8
  3811 | D:3      | Reached ** piety under Lugonu
  4313 | D:4      | Reached skill level 5 in Invocations
  4465 | D:3      | Reached XP level 6. HP: 43/53 MP: 7/9
  5094 | D:5      | Entered Level 5 of the Dungeon
  5187 | D:5      | Found a staircase to the Ecumenical Temple.
  5203 | D:5      | Reached skill level 5 in Axes
  5203 | D:5      | Reached skill level 5 in Armour
  5230 | D:5      | Found a sand-covered staircase.
  5239 | Ossuary  | Entered an ossuary
  5420 | Ossuary  | Reached *** piety under Lugonu
  6097 | D:5      | Found Ceud's Distillery.
  6122 | D:5      | Bought a potion of curing for 33 gold pieces
  6122 | D:5      | Bought a potion of attraction for 33 gold pieces
  6122 | D:5      | Bought a potion of might for 44 gold pieces
  6122 | D:5      | Bought a potion of attraction for 33 gold pieces
  6323 | D:5      | Noticed a necrophage
  6324 | D:5      | Noticed an acid dragon
  6334 | D:5      | Reached XP level 7. HP: 57/59 MP: 10/10
  6340 | D:5      | Reached skill level 7 in Fighting
  6370 | D:5      | Reached **** piety under Lugonu
  6981 | D:6      | Reached XP level 8. HP: 56/67 MP: 9/12
  7806 | D:6      | Noticed Maggie
  7811 | D:6      | Killed Maggie
  8089 | D:7      | Reached XP level 9. HP: 45/72 MP: 9/14
  8095 | D:7      | Noticed a komodo dragon
  8339 | D:6      | HP: 2/61 [wight (3)]
  8361 | D:6      | HP: 1/90 [wight (10)]
  8361 | D:6      | Slain by a wight

Illustrated notes

Levels and vault maps discovered:
D:1:      lightli_arrival_quake, layout_loops_corners,
          ebering_ecumenical_altar_webs
D:2:      layout_basic
D:3:      minmay_octagon_keep, layout_basic, uniq_ijyb
D:4:      layout_cave_pods, chequers_big_river, hangedman_decor_clover_reticule,
          amcnicky_mini_corridor_feature, kennysheep_generic_room_14
D:5:      layout_loops_ring, minmay_temple_entry_butterflies,
          nicolae_ossuary_entry_monument, serial_shops, shop, nrook_mini_vaults,
          nicolae_wormholes
D:6:      layout_rooms, minivault_24, moated_statue, uniq_maggie
D:7:      layout_loops_cross, amcnicky_mini_pool_small

Skill      XL: |  1  2  3  4  5  6  7  8 |
---------------+-------------------------+-----
Short Blades   | 1 2 3 |  3.9
Long Blades    | 1 2 3 |  3.9
Maces & Flails | 1 2 3 |  3.9
Polearms       | 1 2 3 |  3.9
Staves         | 1 2 3 |  3.9
Slings         | 1 2 3 |  3.9
Bows           | 1 2 3 |  3.9
Crossbows      | 1 2 3 |  3.9
Throwing       | 1 2 3 |  3.9
Stealth        | 1 2 3 |  3.9
Shields        | 1 2 3 |  3.9
Unarmed Combat | 1 2 3 |  3.9
Spellcasting   | 1 2 3 |  3.9
Evocations     | 1 2 3 |  3.9
Conjurations   | 1 2 3 |  3.2
Hexes          | 1 2 3 |  3.2
Summonings     | 1 2 3 |  3.2
Necromancy     | 1 2 3 |  3.2
Translocations | 1 2 3 |  3.2
Transmutations | 1 2 3 |  3.2
Fire Magic     | 1 2 3 |  3.2
Ice Magic      | 1 2 3 |  3.2
Air Magic      | 1 2 3 |  3.2
Earth Magic    | 1 2 3 |  3.2
Poison Magic   | 1 2 3 |  3.2
Dodging        | 3 4 |  4.7
Invocations    | 5 6 |  6.3
Axes           | 5 6 |  6.1
Armour         | 5 6 |  6.1
Fighting       | 7 |  7.7

Action                   |  1- 3 |  4- 6 |  7- 9 || total
-------------------------+-------+-------+-------++-------
Melee: Hand axe          |   108 |   301 |    56 ||   465
       Bite              |    14 |    27 |    15 ||    56
       Unarmed           |       |     5 |       ||     5
       Punch             |       |     4 |     4 ||     8
       War axe           |       |       |    60 ||    60
Throw: Stone             |    25 |    98 |     6 ||   129
       Javelin           |       |     5 |    18 ||    23
       Dart              |       |     1 |       ||     1
Invok: Depart the Abyss  |     1 |       |       ||     1
       Bend Space        |       |       |     2 ||     2
Evoke: Tin of tremorston |       |     1 |     2 ||     3
       Wand              |       |       |    11 ||    11
  Use: Potion            |       |     1 |     2 ||     3
       Scroll            |       |     5 |    11 ||    16
Armor: Leather armour    |     4 |       |       ||     4
       Scale mail        |    32 |   138 |    35 ||   205
       Skin              |       |     4 |       ||     4
       Acid dragon scale |       |       |    34 ||    34
Dodge: Dodged            |    49 |   172 |   101 ||   322

Table legend: (Time is in decaauts)
 A = Elapsed time spent in this place.
 B = Non-inter-level travel time spent in this place.
 C = Inter-level travel time spent in this place.
 D = Time resting spent in this place.
 E = Time spent auto-exploring this place.
 F = Levels seen in this place.
 G = Mean time per level.
                   A        B        C        D        E       F      G
               +--------+--------+--------+--------+--------+-----+--------+
         Total |   8429 |   7922 |    507 |     92 |   6380 |   9 |  936.6 |
       Dungeon |   7525 |   7018 |    507 |     92 |   5813 |   7 | 1075.0 |
         Abyss |    177 |    177 |      0 |      0 |    159 |   1 |  177.0 |
       Ossuary |    727 |    727 |      0 |      0 |    408 |   1 |  727.0 |
               +--------+--------+--------+--------+--------+-----+--------+

Top non-repeatable levels by time:
     D:6: 1383 daAuts
     D:1: 1331 daAuts
     D:4: 1289 daAuts
     D:2: 1269 daAuts
     D:3: 1113 daAuts
     D:5: 973 daAuts
 Ossuary: 727 daAuts
 Abyss:1: 177 daAuts
     D:7: 164 daAuts
